AoeStats
← Saxolive5888

Glade

510860894Analyzed
1v1 RM · 24h ago on Oct 2, 2026· 45m 56s· 2 players
Game mode
Random Map
Map size
Tiny (2 player)
Population
200
Speed
Normal
Resources
Standard
Victory
Conquest
Starting age
Dark Age
Ending age
Imperial Age
RankedLock teamsTeams togetherTeam positionsShared explorationLock speedFull tech treeHidden civsTurbo modeCheats
Victory
Defeat
🇬🇧 Dravidians · United Kingdom
706
+16
🇨🇿 Maya · Czechia
697
-16
Saxolive5888
7:14 Loom
11:32 Feudal Age
12:03 Double-Bit Axe
12:10 Horse Collar
17:21 Fletching
17:54 Gold Mining
18:45 Wheelbarrow
24:17 Castle Age
24:05 Padded Archer Armor
25:10 Bow Saw
25:03 Heavy Plow
25:04 Bodkin Arrow
25:25 Leather Archer Armor
24:53 Crossbowman
27:17 Ballistics
33:37 Thumb Ring
41:49 Imperial Age
38:51 Eagle Warrior
41:20 Murder Holes
44:30 Hand Cart
43:58 Elite Plumed Archer
45:33 Crop Rotation
45:35 Forging
ScrewyTrash
11:02 Feudal Age
12:43 Double-Bit Axe
12:40 Horse Collar
12:52 Gold Mining
18:19 Forging
18:15 Scale Barding Armor
19:57 Padded Archer Armor
19:47 Fletching
26:25 Castle Age
24:50 Stone Mining
26:04 Town Watch
26:54 Wheelbarrow
27:42 Thumb Ring
26:58 Elite Skirmisher
28:30 Leather Archer Armor
28:10 Bodkin Arrow
31:54 Chain Barding Armor
31:30 Bodkin Arrow
32:11 Iron Casting
36:32 Ballistics
37:57 Husbandry
42:06 Heavy Plow
42:18 Bow Saw
45:01 Medical Corps
Connection lost

Rejoining the realm…

Still unreachable

The connection could not be restored.

Session expired

The server has moved on; the page needs a fresh start.